Map: Acolyte LE

Players

Sonny

  • Race: Protoss Protoss
  • League: Master
  • Spawn Location: 7:00

Epic - Winner!

  • Race: Terran Terran
  • League: Grandmaster
  • Spawn Location: 1:00

Event: HopeTL

VOD

https://www.youtube.com/watch?v=fIOJgj8wW98&list=PL9QsjkBYtQM7NVZEDVfaNugqO61aBOlm6&index=1

Description

Time

  • Played on: Oct. 3, 2017, 6:50 p.m.
  • Length: 11:43
Show
View Real Time Build Order
Export as new Build Order

Sonny Protoss 

Build Orders: 1 Gate Expand, Colossus Rush 

Get SALT Encoding   

  12  0:02  Probe (Chrono Boost)  
  13  0:13  Probe (Chrono Boost)  
  14  0:17  Pylon  
  14  0:23  Probe (Chrono Boost)  
  16  0:35  Probe (Chrono Boost)  
  16  0:37  Gateway  
  16  0:43  Assimilator  
  16  0:46  Probe (Chrono Boost)  
  17  1:00  Probe (Chrono Boost)  
  18  1:10  Probe (Chrono Boost)  
  19  1:24  Nexus  
  19  1:32  Cybernetics Core  
  19  1:35  Probe (Chrono Boost)  
  20  1:42  Assimilator  
  20  1:46  Probe (Chrono Boost)  
  21  1:52  Pylon  
  21  1:56  Probe (Chrono Boost)  
  22  2:07  Probe (Chrono Boost)  
  22  2:10  Adept (Chrono Boost)  
  24  2:17  Robotics Facility  
  25  2:22  Probe  
  25  2:25  Warp Gate  
  25  2:34  Adept (Chrono Boost)  
  25  2:35  Probe  
  28  2:41  Probe (Chrono Boost)  
  29  2:47  Probe (Chrono Boost)  
  30  2:53  Probe (Chrono Boost)  
  32  2:58  Probe (Chrono Boost)  
  32  3:03  Probe (Chrono Boost)  
  32  3:04  Observer (Chrono Boost)  
  34  3:11  Gateway  
  34  3:12  Gateway  
  34  3:13  Probe  
  34  3:14  Probe  
  36  3:26  Probe  
  37  3:32  Probe  
  38  3:38  Observer (Chrono Boost), Probe  
  40  3:42  Probe  
  40  3:43  Assimilator, Robotics Bay  
  40  3:47  Assimilator  
  41  3:50  Probe  
  41  3:53  Probe  
  43  4:02  Probe  
  44  4:03  Probe  
  44  4:07  Pylon, Observer (Chrono Boost)  
  46  4:22  Pylon, Mothership Core  
  46  4:25  Forge, Probe  
  49  4:33  Stalker x2  
  49  4:37  Probe  
  54  4:42  Probe  
  55  4:47  Colossus (Chrono Boost)  
  55  4:49  Probe  
  62  5:04  Protoss Ground Weapons Level 1  
  62  5:12  Twilight Council  
  62  5:13  Nexus  
  62  5:15  Pylon  
  62  5:23  Pylon  
  62  5:24  Extended Thermal Lance  
  62  5:32  Probe  
  62  5:34  Probe  
  64  5:41  Colossus (Chrono Boost)  
  70  5:42  Probe  
  70  5:48  Zealot  
  70  5:49  Zealot  
  75  5:52  Probe  
  75  5:56  Gateway  
  76  5:57  Gateway  
  76  6:02  Gateway  
  76  6:05  Zealot  
  75  6:16  Zealot x2  
  75  6:22  Probe  
  75  6:23  Probe  
  75  6:25  Charge (Chrono Boost)  
  77  6:26  Probe  
  77  6:27  Zealot  
  77  6:32  Colossus (Chrono Boost)  
  83  6:33  Probe  
  83  6:38  Stalker  
  86  6:52  Adept  
  86  6:53  Adept, Probe  
  87  7:00  Pylon  
  87  7:01  Probe  
  87  7:02  Zealot  
  87  7:03  Pylon  
  87  7:04  Zealot  
  92  7:09  Protoss Ground Armor Level 1  
  92  7:10  Mothership Core  
  90  7:17  Zealot  
  90  7:18  Zealot x3  
  85  7:28  Zealot x2, Probe  
  85  7:29  Probe x2  
  91  7:32  Disruptor (Chrono Boost)  
  93  7:43  Zealot x4  
  100  7:51  Pylon  
  100  7:52  Pylon  
  98  7:59  Stalker  
  86  8:09  Zealot x2  
  86  8:10  Zealot x3  
  73  8:26  Zealot  
  67  8:34  Stalker  
  67  8:35  Stalker x3  
  67  8:36  Stalker  
  77  8:52  Zealot  
  77  8:53  Blink (Chrono Boost)  
  79  9:04  Probe  
  79  9:07  Pylon, Stalker x2  
  79  9:08  Stalker  
  86  9:20  Templar Archives  
  86  9:21  Pylon  
  86  9:23  Pylon  
  86  9:27  Zealot x2  
  90  9:48  Zealot  
  90  9:49  Zealot x2  
  102  10:02  High Templar x2  
  102  10:05  Warp Prism (Chrono Boost)  
  102  10:06  High Templar  
  104  10:08  Archon  
  104  10:09  High Templar  
  104  10:11  Zealot x2  
  104  10:13  Archon  
  110  10:20  Pylon  
  110  10:21  Pylon  
  110  10:23  Pylon  
  110  10:38  Probe  
  111  10:47  Immortal (Chrono Boost)  
  115  10:55  Zealot x3  
  115  10:56  Zealot x3  
  125  11:23  Stalker x5  
  125  11:24  Stalker  
Show
View Real Time Build Order
Export as new Build Order

Epic Terran - Winner!

Build Orders: Reaper Expand, MMM Bio 

Get SALT Encoding   

  12  0:01  SCV  
  13  0:13  SCV  
  14  0:18  Supply Depot  
  14  0:25  SCV  
  14  0:28  Refinery  
  15  0:39  SCV  
  16  0:46  Barracks  
  16  0:52  SCV  
  17  1:04  SCV  
  18  1:16  SCV  
  19  1:32  Orbital Command  
  19  1:33  Reaper  
  20  1:45  Command Center  
  20  1:54  Factory  
  20  1:58  SCV  
  21  2:06  Barracks Reactor  
  21  2:10  Supply Depot  
  21  2:11  SCV  
  21  2:15  Refinery  
  22  2:23  SCV  
  23  2:35  SCV  
  24  2:43  Marine x2, Starport  
  26  2:46  Widow Mine  
  26  2:48  SCV  
  29  2:57  Orbital Command  
  29  3:00  SCV  
  29  3:03  Barracks  
  30  3:06  Marine  
  30  3:08  Marine  
  30  3:12  SCV  
  33  3:16  Factory Tech Lab  
  33  3:25  Starport Tech Lab  
  33  3:26  SCV x2  
  35  3:33  Marine x2  
  36  3:38  SCV x2  
  36  3:41  Supply Depot  
  38  3:43  Raven  
  38  3:44  Factory Tech Lab  
  40  3:50  SCV x2  
  40  3:52  Marine x2  
  44  3:57  Refinery  
  44  4:01  Marine  
  44  4:02  Stimpack  
  45  4:03  SCV x2  
  45  4:05  Supply Depot  
  45  4:09  Engineering Bay  
  47  4:15  SCV x2  
  49  4:18  Siege Tank  
  49  4:22  Marine x2  
  54  4:26  Marine  
  54  4:29  Barracks  
  54  4:30  SCV  
  56  4:32  SCV  
  56  4:36  Supply Depot  
  56  4:38  Starport Reactor  
  57  4:41  Marine x2  
  57  4:44  SCV x2, Marine  
  62  4:48  Terran Infantry Weapons Level 1  
  62  4:58  Siege Tank, SCV x2  
  62  4:59  Marine  
  67  5:01  Marine  
  67  5:02  Supply Depot  
  67  5:03  Marine  
  70  5:07  Refinery  
  70  5:19  Supply Depot  
  70  5:23  Medivac x2, SCV x2  
  70  5:24  Marauder  
  78  5:32  Supply Depot  
  78  5:34  Combat Shields  
  78  5:40  Supply Depot  
  78  5:41  SCV x2, Marine x2, Marauder  
  82  5:46  Siege Tank  
  85  5:54  Supply Depot, Marauder  
  87  5:58  Marine  
  87  6:02  Marauder  
  90  6:05  Medivac  
  90  6:10  Barracks  
  92  6:11  Barracks  
  92  6:15  Marine  
  92  6:16  Marine, Marauder  
  91  6:23  Liberator  
  91  6:24  Marauder  
  88  6:29  SCV x2, Siege Tank  
  93  6:34  Liberator  
  93  6:35  Marine x2  
  95  6:43  Command Center  
  98  6:51  Marauder x2  
  105  6:54  Concussive Shells  
  105  6:56  SCV x2  
  105  6:59  Marine  
  105  7:00  Supply Depot, Marine  
  109  7:13  Marauder  
  109  7:15  Liberator  
  108  7:16  Siege Tank  
  108  7:23  Marine x2, Marauder  
  108  7:24  Barracks Tech Lab  
  108  7:29  Barracks Reactor  
  112  7:34  Marauder  
  117  7:41  Marine  
  118  7:48  Supply Depot x2  
  118  7:49  SCV x2, Marine  
  118  7:50  Marauder x2  
  125  7:56  Marauder  
  115  8:08  Marine x2  
  115  8:11  Liberator, Marauder x2  
  115  8:12  Marine  
  118  8:15  Siege Tank, Marine  
  118  8:17  SCV, Marine, Orbital Command  
  118  8:18  SCV  
  119  8:21  Terran Infantry Armor Level 1  
  112  8:28  Marine x2  
  112  8:31  Liberator  
  112  8:32  Marauder x2  
  120  8:35  SCV x2  
  123  8:41  Marauder  
  120  8:49  Marine x4  
  120  8:53  Refinery x2  
  120  8:54  Marauder, SCV, Starport  
  130  8:56  SCV x2  
  132  9:04  Supply Depot  
  132  9:07  Marauder x2  
  132  9:08  SCV x2  
  138  9:10  SCV  
  138  9:15  Liberator x2, Marauder  
  141  9:17  Marine x4  
  141  9:21  Fusion Core  
  141  9:24  Liberator  
  145  9:36  Supply Depot x2  
  151  9:45  Supply Depot, Missile Turret  
  154  9:47  Supply Depot  
  154  9:48  Missile Turret, Command Center  
  154  9:50  Missile Turret  
  154  9:52  Missile Turret  
  154  10:02  Liberator  
  154  10:04  Marine x3, Marauder x3  
  154  10:05  Marine  
  154  10:06  Liberator  
  164  10:08  Ghost Academy  
  164  10:10  Armory  
  164  10:11  Engineering Bay  
  164  10:12  Advanced Ballistics  
  164  10:20  Supply Depot  
  167  10:24  Liberator  
  170  10:40  Marine  
  170  10:41  Marine x3, Marauder x3  
  183  11:01  Planetary Fortress  
  183  11:03  Missile Turret  
  183  11:04  Refinery  
  183  11:05  Refinery  
  189  11:13  Marine x3, Marauder x3  
  189  11:14  Marine  
Tags
 
Add a new tag
Caveats
  • Supply blocks, unpowered buildings, or Contaminate may cause inaccurate times.
  • Supply counts are checked every 10 seconds.